 Dungeon Crawl Stone Soup version 0.28-a0-1638-g9123634e07 (webtiles) character file.

Game seed: 7459112903321054849

25009 kae the Grappler (level 12, -8/117 (123) HPs)
             Began as a Red Draconian Transmuter on Jan 25, 2022.
             Was an Elder of Ru.
             Mangled by a torpor snail (17 damage)
             ... on level 3 of the Lair of Beasts.
             The game lasted 00:19:18 (22190 turns).

kae the Grappler (Red Draconian Transmuter)        Turns: 22190, Time: 00:19:18

HP:   -8/117 (123)  AC:  8    Str: 21    XL:     12   Next: 85%
MP:   23/23         EV: 12    Int: 16    God:    Ru [****..]
Gold: 1657          SH:  0    Dex: 12    Spells: 18/26 levels left

rFire   x . .      SeeInvis +     - Unarmed
rCold   + + +      Faith    .   (shield currently unavailable)
rNeg    . . .      Spirit   .   (armour unavailable)
rPois   +          Reflect  .   (helmet currently unavailable)
rElec   .          Harm     .   (cloak currently unavailable)
rCorr   .          Rampage  .   (gloves currently unavailable)
Will    .....                   (boots currently unavailable)
Stlth   +.........              (no amulet)
HPRegen 0.29/turn               c - ring of see invisible
MPRegen 0.18/turn               r - +6 ring of strength

@: lethally poisoned (-8 -> -18), exhausted, ice-form, slowed, lightly drained,
very slow
A: freezing attack, amphibious, boosted hp, (breathe fire), AC +8, large,
unfitting armour, (fire resistance 1), (cold-blooded), inability to use devices,
no air magic, no hexes magic, no translocations magic, disrupted magic 1
a: End Transformation, Renounce Religion, Draw Out Power, Power Leap


You were on level 3 of the Lair of Beasts.
You worshipped Ru.
Ru was greatly pleased with you.
You were a creature of crystalline ice.
You visited 3 branches of the dungeon, and saw 15 of its levels.
You also visited: Ossuary and Bailey.

You collected 1725 gold pieces.
You spent 68 gold pieces at shops.

Inventory:

Armour
 v - a scarf of shadows
 x - a +1 cloak of willpower (melded)
Jewellery
 c - a ring of see invisible (left front paw)
 e - an amulet of faith
 o - a ring of protection from cold
 q - a +6 ring of intelligence
 r - a +6 ring of strength (right front paw)
 B - a +6 ring of strength
 F - a ring of willpower
Scrolls
 f - 2 scrolls of vulnerability
 l - a scroll of silence
 m - a scroll of amnesia
 p - 2 scrolls of enchant weapon
 s - 6 scrolls of teleportation
 t - 3 scrolls of fog
 u - 3 scrolls of fear
 y - a scroll of enchant armour
 C - 3 scrolls of identify
 D - a scroll of summoning
 E - a scroll of blinking
Potions
 a - 3 potions of heal wounds
 b - 2 potions of attraction
 d - 6 potions of brilliance
 g - 2 potions of invisibility
 h - a potion of cancellation
 i - 10 potions of curing
 j - 4 potions of lignification
 k - 2 potions of might
 n - a potion of ambrosia
 w - 2 potions of magic
 z - a potion of resistance
 A - a potion of flight


   Skills:
 + Level 8.9 Fighting
 + Level 7.7 Dodging
 * Level 11.8 Unarmed Combat
 + Level 7.7 Spellcasting
 * Level 11.5 Transmutations
 - Level 5.0 Ice Magic
 - Level 2.0 Poison Magic


You had 18 spell levels left.
You knew the following spells:

 Your Spells              Type           Power      Damage    Failure   Level
a - Beastly Appendage     Tmut           86%        N/A       1%          1
b - Spider Form           Tmut/Pois      27%        N/A       4%          3
c - Ice Form              Ice/Tmut       32%        N/A       6%          4

Your spell library contained the following spells:

 Spells                   Type           Power      Damage    Failure   Level
 Wereblood                Tmut           43%        N/A       1%          2
 Passwall                 Tmut/Erth      20%        N/A       3%          2
 Frozen Ramparts          Ice            44%        1d6       7%          3
 Animate Skeleton         Necr           12%        N/A       17%         1
 Pain                     Necr           24%        1d5       17%         1
 Sandblast                Erth           12%        2d6       17%         1
 Scorch                   Fire           12%        2d6       24%         2
 Alistair's Intoxication  Tmut/Pois      18%        N/A       28%         5
 Stone Arrow              Conj/Erth      12%        3d7       43%         3
 Vampiric Draining        Necr           6%         2d6       43%         3
 Summon Ice Beast         Ice/Summ       14%        N/A       47%         4
 Eringya's Noxious Bog    Tmut/Pois      13%        N/A       80%         6
 Flame Wave               Conj/Fire      6%         2d5       82%         4
 Borgnjor's Vile Clutch   Necr/Erth      3%         N/A       98%         5
 Summon Cactus Giant      Summ           3%         N/A       100%        6
 Tukima's Dance           Hex            Unusable   N/A       N/A         3
 Anguish                  Hex/Necr       Unusable   N/A       N/A         4
 Enfeeble                 Hex            Unusable   N/A       N/A         7

Dungeon Overview and Level Annotations

Branches:
Dungeon (11/15)            Temple (1/1) D:6            Lair (3/6) D:11
    Orc (0/2) D:10        Ossuary (visited)          Bailey (visited)
  Swamp: Lair:2-4    Shoals: Lair:2-4     Snake: Lair:2-4    Spider: Lair:2-4

Altars:
Ashenzari
Cheibriados
Dithmenos
Elyvilon
Fedhas
Gozag
Hepliaklqana
Kikubaaqudgha
Makhleb
Nemelex Xobeh
Okawaru
Qazlal
Ru
Sif Muna
Trog
Uskayaw
Vehumet
Wu Jian
Xom
Yredelemnul
Zin
The Shining One

Shops:
D:4 [   D:9 *

Annotations:
D:10 3 runed translucent doors, Edwards80's ghost, novice MiFi
Lair:2 3 runed translucent doors, Buheuvah's ghost, journeyman MiFi


Innate Abilities, Weirdness & Mutations

You are a creature of crystalline ice.
You have a powerful freezing melee attack.
You are amphibious.
Your maximum health is increased.
Your armour is entirely melded.
You are incapable of wielding weapons or throwing items.
((You can breathe blasts of fire.))
((Your fiery red scales are hard. (AC +8)))
You cannot fit into any form of body armour.
((Your flesh is heat resistant. (rF+)))
((You are cold-blooded and may be slowed by cold attacks.))
You cannot study or use magical devices.
You cannot study or cast Air magic.
You cannot study or cast Hexes magic.
You cannot study or cast Translocations magic.
Your casting is slightly disrupted.


Message History

The death yak is severely wounded.
The death yak closely misses you.
You hit the death yak. You freeze the death yak.
The death yak is severely wounded.
You redirect the death yak's attack!
The death yak gores the torpor snail!
The torpor snail closely misses you. The death yak gores you!!
* * * LOW HITPOINT WARNING * * *
You punch the death yak! You freeze the death yak.
The death yak is almost dead.
The torpor snail completely misses you. The death yak closely misses you.
You punch the death yak! You freeze the death yak.
You kill the death yak!
The torpor snail bites you.
* * * LOW HITPOINT WARNING * * *
You are restored by drawing out deep reserves of power within.
You feel drained. The cane toad stings you!
* * * LOW HITPOINT WARNING * * *
The cane toad barely misses you. The torpor snail misses you.
Being near the torpor snail leaves you feeling lethargic.
You punch the cane toad!
The cane toad seems to slow down.
You freeze the cane toad.
The cane toad is heavily wounded.
The cane toad stings you.
* * * LOW HITPOINT WARNING * * *
You are poisoned.
The cane toad poisons you! The torpor snail bites you.
* * * LOW HITPOINT WARNING * * *
You focus your inner power and illuminate the torpor snail in retribution!
You hit the cane toad. You freeze the cane toad.
The cane toad is heavily wounded.
You feel very sick. The cane toad stings you!
* * * LOW HITPOINT WARNING * * *
You hit the cane toad. You freeze the cane toad.
The cane toad is severely wounded.
* * * LOW HITPOINT WARNING * * *
You feel very sick. The torpor snail bites you!
You die...

#<........#
##.......#
##.
##.##.....#
#...
#.###...###
....P ###
#...#.##..PP#
##...#....#
###.....#
##..#.# #Y.#
#Fw# ##...
....# ....#
.....#
.......
.......


You could see a torpor snail (corona) and a cane toad (slow).

Vanquished Creatures
  2 catoblepae (Lair:2)
  3 hydras (Lair:2)
  A two-headed ogre (D:9)
  A death yak (Lair:3)
  The ghost of Samael12321 the Skirmisher, a novice DjIE of Ashenzari (D:6)
  Pikel (D:7)
  A gargoyle (D:11)
  3 black mambas (Lair:1)
  4 cane toads
  A rime drake (Lair:1)
  7 komodo dragons
  3 blink frogs (Lair:2)
  Prince Ribbit (D:7)
  A vampire (D:8)
  2 wyverns
  21 yaks
  3 basilisks
  A steam dragon (D:8)
  2 vampire mosquitoes (D:11)
  11 water moccasins
  An acid dragon (D:9)
  2 ice beasts (D:5)
  8 orc warriors
  A swamp drake (Lair:1)
  2 sky beasts
  An ogre (D:6)
  5 centaurs
  The ghost of ma3 the Insei, an amateur GnTm of Ashenzari (D:3)
  A phantom (D:4)
  4 kobold brigands
  A gnoll sergeant (D:9)
  6 bullfrogs
  2 scorpions
  16 killer bees
  14 wights
  A howler monkey (D:5)
  2 electric eels (Lair:1)
  5 centaur zombies
  A human zombie (Ossuary)
  2 jellies
  Crazy Yiuf (D:7)
  A gnoll shaman (D:8)
  2 orc priests
  A bullfrog skeleton (D:7)
  12 iguanas
  5 orc wizards
  2 killer bee zombies
  3 hound zombies (Ossuary)
  3 mummies (Ossuary)
  A howler monkey zombie (D:7)
  14 gnolls
  13 adders
  An ufetubus (D:4)
  2 adder zombies (Ossuary)
  An adder skeleton (D:4)
  3 worms (D:4)
  2 dart slugs
  29 orcs
  3 endoplasms
  4 giant cockroaches
  3 gnoll zombies (Ossuary)
  5 hobgoblins
  4 jackals (D:2)
  3 quokkas
  8 ball pythons
  9 bats
  16 frilled lizards
  12 goblins
  4 goblin zombies (Ossuary)
  7 hobgoblin zombies (Ossuary)
  A jackal zombie (Ossuary)
  34 kobolds
  4 kobold zombies (Ossuary)
  An orc zombie (Ossuary)
  4 quokka zombies
  6 rats
  7 rat zombies
377 creatures vanquished.

Vanquished Creatures (others)
  2 iguanas (Lair:1)
  2 frilled lizards (Lair:1)
  7 fungi
  15 plants
26 creatures vanquished.

Grand Total: 403 creatures vanquished

Notes
Turn   | Place    | Note
-------+----------+-------------------------------------------
     0 | D:1      | kae the Draconian Transmuter began the quest for the Orb.
     0 | D:1      | Reached XP level 1. HP: 16/16 MP: 3/3
   474 | D:1      | Reached XP level 2. HP: 23/23 MP: 3/5
  1428 | D:2      | Reached XP level 3. HP: 24/28 MP: 4/6
  1432 | D:2      | Learned a level 3 spell: Spider Form
  2678 | D:2      | Reached XP level 4. HP: 27/36 MP: 3/7
  2833 | D:2      | Reached skill level 1 in Poison Magic
  3993 | D:3      | Found a faded altar of an unknown god.
  4153 | D:3      | Found a broken altar of Ashenzari.
  4159 | D:3      | Noticed a scorpion
  4309 | D:3      | Killed a scorpion
  4310 | D:3      | Reached XP level 5. HP: 36/41 MP: 1/8
  4586 | D:3      | Found a transporter.
  4588 | D:3      | Noticed ma3's ghost (amateur GnTm)
  4589 | D:3      | Noticed a sky beast
  4606 | D:3      | Found a transporter.
  5340 | D:4      | Reached XP level 6. HP: 39/49 MP: 7/9
  5384 | D:4      | Learned a level 4 spell: Ice Form
  5403 | D:4      | Found a sand-covered staircase.
  5483 | Ossuary  | Entered an ossuary
  5675 | Ossuary  | Reached skill level 1 in Ice Magic
  6062 | D:4      | Found an iron altar of Okawaru.
  6195 | D:4      | Found Soniohore's Antique Armour Shop.
  6436 | D:5      | Entered Level 5 of the Dungeon
  6436 | D:5      | Noticed an ice beast
  6508 | D:5      | Killed an ice beast
  6509 | D:5      | Your scales start taking on a fiery red colour.
  6509 | D:5      | Reached XP level 7. HP: 56/56 MP: 7/11
  6509 | D:5      | Gained mutation: Your flesh is heat resistant. (rF+) [Red
                  | Draconian growth]
  6669 | D:5      | Reached skill level 5 in Unarmed Combat
  7686 | D:5      | Identified a scroll of acquirement
  7686 | D:5      | Acquired 654 gold pieces
  7799 | D:6      | Reached skill level 5 in Transmutations
  7799 | D:6      | Reached XP level 8. HP: 22/66 MP: 7/13
  8383 | D:6      | Found a staircase to the Ecumenical Temple.
  8499 | Temple   | Entered the Ecumenical Temple
  8627 | Temple   | Became a worshipper of Ru the Awakened
  8899 | D:6      | Found a runed translucent door.
  8932 | D:6      | Found a runed translucent door.
  8933 | D:6      | Noticed Samael12321's ghost (novice DjIE)
  9261 | D:7      | Noticed Prince Ribbit
  9275 | D:7      | Killed Prince Ribbit
  9362 | D:7      | Noticed Pikel
  9370 | D:7      | Reached XP level 9. HP: 62/72 MP: 10/15
  9374 | D:7      | Killed Pikel
 10529 | D:7      | Found a runed translucent door.
 10530 | D:7      | Noticed Crazy Yiuf
 10661 | D:7      | Killed Crazy Yiuf
 10788 | D:8      | Gained mutation: You cannot study or use magical devices.
                  | [Ru sacrifice]
 10788 | D:8      | Reached * piety under Ru
 10788 | D:8      | Reached ** piety under Ru
 10812 | D:8      | Identified the +7 quarterstaff of Sloth {vorpal, *Rage
                  | rCorr Str-5 Stlth+}
 10939 | D:8      | Found a flagged portal.
 11031 | D:8      | Reached skill level 5 in Fighting
 11186 | Bailey   | Entered a bailey
 11276 | Bailey   | Noticed an orc warlord
 11390 | Bailey   | Found the +8 orange crystal plate armour {Archmagi, Int+3
                  | Clar}
 11658 | Bailey   | Found a runed translucent gate.
 11658 | Bailey   | Found a runed translucent gate.
 11658 | Bailey   | Found a runed translucent gate.
 11676 | Bailey   | Reached skill level 5 in Ice Magic
 11681 | Bailey   | Reached XP level 10. HP: 20/81 MP: 14/17
 12531 | Bailey   | Reached skill level 5 in Dodging
 12531 | Bailey   | Reached XP level 11. HP: 91/91 MP: 17/20
 13443 | D:9      | Found Ciddut's Assorted Antiques.
 13698 | D:9      | Bought a scroll of identify for 68 gold pieces
 13969 | D:9      | Noticed a two-headed ogre
 14272 | D:9      | Killed a two-headed ogre
 14494 | D:9      | Reached skill level 10 in Unarmed Combat
 14679 | D:9      | Found a burning altar of Makhleb.
 14687 | D:9      | Found a blossoming altar of Fedhas.
 14764 | D:10     | Entered Level 10 of the Dungeon
 14838 | D:10     | Gained mutation: Your casting is slightly disrupted. [Ru
                  | sacrifice]
 14838 | D:10     | Reached *** piety under Ru
 15093 | D:10     | Found a staircase to the Orcish Mines.
 15094 | D:10     | Noticed a death knight
 16188 | D:11     | Reached skill level 10 in Transmutations
 16286 | D:11     | Found a bloodstained altar of Trog.
 16352 | D:11     | Found a staircase to the Lair.
 17030 | D:10     | Found a runed translucent gate.
 17030 | D:10     | Found a runed translucent gate.
 17031 | D:10     | Found a runed translucent gate.
 17033 | D:10     | Noticed Edwards80's ghost (novice MiFi)
 17289 | D:3      | Killed ma3's ghost
 17492 | D:6      | Killed Samael12321's ghost
 17606 | Lair:1   | Entered Level 1 of the Lair of Beasts
 18201 | Lair:1   | Reached XP level 12. HP: 101/101 MP: 19/22
 18484 | Lair:1   | Gained mutation: You cannot study or cast Air magic. [Ru
                  | sacrifice]
 18484 | Lair:1   | Gained mutation: You cannot study or cast Hexes magic. [Ru
                  | sacrifice]
 18484 | Lair:1   | Gained mutation: You cannot study or cast Translocations
                  | magic. [Ru sacrifice]
 18484 | Lair:1   | Reached **** piety under Ru
 18897 | Lair:1   | Identified the +0 pair of gloves "Ithryuri" {rC+}
 19686 | Lair:2   | Noticed an eight-headed hydra
 19694 | Lair:2   | Killed an eight-headed hydra
 20043 | Lair:2   | Found a runed translucent gate.
 20299 | Lair:2   | Found a runed translucent gate.
 20300 | Lair:2   | Found a runed translucent gate.
 20316 | Lair:2   | Noticed a catoblepas
 20434 | Lair:2   | Noticed a seven-headed hydra
 20446 | Lair:2   | HP: 3/116 [seven-headed hydra (12)]
 20447 | Lair:2   | Killed a seven-headed hydra
 20447 | Lair:2   | HP: 1/116 [poisoned by a water moccasin]
 20915 | Lair:2   | Noticed a catoblepas
 20939 | Lair:2   | Killed a catoblepas
 21282 | Lair:2   | Killed a catoblepas
 21452 | Lair:2   | Noticed an eight-headed hydra
 21462 | Lair:2   | Killed an eight-headed hydra
 21807 | Lair:2   | Noticed Buheuvah's ghost (journeyman MiFi)
 22173 | Lair:3   | Noticed a death yak
 22186 | Lair:3   | Killed a death yak
 22190 | Lair:3   | Mangled by a torpor snail

Illustrated notes

Levels and vault maps discovered:
D:1:      minmay_arrival_wavy_path, layout_rooms
D:2:      layout_loops_corners
D:3:      layout_basic, mainiacjoe_overflow_brackets,
          chequers_ecumenical_altar_simple_redux, gammafunk_ghost_arena,
          saegor_snake_ambush
D:4:      layout_gridville, kennysheep_okawaru_gauntlet, enter_ossuary_4,
          serial_shops, nicolae_shop_competitors_out_of_business
D:5:      layout_rooms
D:6:      layout_basic, minmay_temple_entry_ruins, ebering_ghost_sewer_f,
          st_stairs_1
D:7:      layout_loops_cross, uniq_prince_ribbit1, uniq_pikel,
          uniq_crazy_yiuf_cottage
D:8:      layout_gridville, enter_bailey_6, nrook_mini_backslash
D:9:      layout_roguey, mainiacjoe_overflow_big_doors, serial_shops,
          nicolae_stop_n_shop_1
D:10:     layout_layer_cave, orc_0_dummy, gammafunk_ghost_spectres, eino_jars
D:11:     layout_cave_pools, lair_entry_dummy, bloody_trog
Temple:   mainiacjoe_temple_coin_purse
Lair:1:   lemuel_reptile_caves, layout_chaotic_city, serial_bayou_shore_a,
          grunt_megastairs_3, infiniplex_staircase_pool_2
Lair:2:   layout_regular_city, gammafunk_ghost_necromancy, lemuel_fruit_fields
Lair:3:   layout_cave_pods, elwin_shoals_entry_stream, special_room,
          nicolae_lair_lil_pond

Skill      XL: |  1  2  3  4  5  6  7  8  9 10 11 12 |
---------------+-------------------------------------+-----
Dodging        | 2 3 4 5 6 7 |  7.7
Poison Magic   | 1 2 |  2.0
Transmutations | 3 4 5 7 9 10 11 | 11.5
Fighting       | 2 3 4 5 6 7 8 |  8.9
Unarmed Combat | 4 5 6 7 9 10 11 | 11.8
Ice Magic      | 1 2 3 5 |  5.0
Spellcasting   | 3 4 6 7 |  7.7

Action                   |  1- 3 |  4- 6 |  7- 9 | 10-12 || total
-------------------------+-------+-------+-------+-------++-------
Melee: Unarmed           |    89 |   262 |   270 |   467 ||  1088
       Kick              |    16 |    51 |     4 |       ||    71
       Headbutt          |     4 |    34 |     2 |       ||    40
       Tailslap          |     3 |    25 |     5 |       ||    33
       Punch             |     1 |     3 |     3 |       ||     7
 Cast: Beastly Appendage |    24 |    30 |     2 |       ||    56
       Spider Form       |     2 |    12 |    11 |       ||    25
       Ice Form          |       |     2 |    25 |    58 ||    85
Invok: Sacrifice Artific |       |       |     1 |       ||     1
       Sacrifice Essence |       |       |       |     1 ||     1
       Draw Out Power    |       |       |       |     4 ||     4
       Power Leap        |       |       |       |     1 ||     1
       Sacrifice Arcana  |       |       |       |     1 ||     1
 Abil: Breathe Fire      |       |       |     2 |     3 ||     5
  Use: Scroll            |     3 |     4 |    11 |    12 ||    30
       Potion            |       |     1 |       |     3 ||     4
 Stab: Invisible         |       |       |       |     4 ||     4
       Confused          |       |       |       |     2 ||     2
Armor: Skin              |    43 |    78 |    72 |   146 ||   339
Dodge: Dodged            |    66 |   182 |   168 |   266 ||   682

Table legend: (Time is in decaauts)
 A = Elapsed time spent in this place.
 B = Non-inter-level travel time spent in this place.
 C = Inter-level travel time spent in this place.
 D = Time resting spent in this place.
 E = Time spent auto-exploring this place.
 F = Levels seen in this place.
 G = Mean time per level.
                   A        B        C        D        E       F      G
               +--------+--------+--------+--------+--------+-----+--------+
         Total |  22112 |  21308 |    804 |   2529 |  15459 |  17 | 1300.7 |
       Dungeon |  15526 |  14802 |    724 |   1237 |  11346 |  11 | 1411.5 |
        Temple |    137 |    108 |     29 |      0 |     93 |   1 |  137.0 |
          Lair |   4575 |   4525 |     50 |    692 |   3314 |   3 | 1525.0 |
       Ossuary |    503 |    503 |      0 |      0 |    311 |   1 |  503.0 |
        Bailey |   1368 |   1368 |      0 |    600 |    395 |   1 | 1368.0 |
               +--------+--------+--------+--------+--------+-----+--------+

Top non-repeatable levels by time:
     D:2: 2694 daAuts
  Lair:1: 2586 daAuts
  Lair:2: 1934 daAuts
     D:8: 1685 daAuts
     D:7: 1641 daAuts
     D:3: 1479 daAuts
     D:6: 1450 daAuts
  Bailey: 1368 daAuts
    D:10: 1352 daAuts
     D:9: 1270 daAuts
     D:4: 1175 daAuts
     D:1: 1090 daAuts
     D:5: 1003 daAuts
    D:11: 681 daAuts
 Ossuary: 503 daAuts
